 Dungeon Crawl Stone Soup version 0.19-a0-1193-g2641e52 (webtiles) character file.

390 mistymad the Poker (level 6, 0/48 HPs)
             Began as a Merfolk Gladiator on Aug 19, 2016.
             Was an Initiate of Fedhas.
             Slain by a centaur (9 damage)
             ... on level 5 of the Dungeon.
             The game lasted 00:07:29 (3552 turns).

mistymad the Poker (Merfolk Gladiator)              Turns: 3552, Time: 00:07:30

Health: 0/48       AC:  5    Str: 16    XL:     6   Next: 80%
Magic:  6/6        EV: 15    Int: 13    God:    Fedhas [......]
Gold:   133        SH:  0    Dex: 15    Spells: 0 memorised, 5 levels left

rFire  . . .     SeeInvis .     a - +0 trident
rCold  . . .     Gourm    .     m - +0 leather armour {rPois}
rNeg   . . .     Faith    .     (no shield)
rPois  +         Spirit   .     c - +1 helmet
rElec  .         Dismiss  .     (no cloak)
rCorr  .         Reflect  .     (no gloves)
MR     .....     Harm     .     (no boots)
Stlth  +.........               n - amulet of regeneration
                                (no ring)
                                (no ring)

@: brilliant, flying
A: change form in water, swift swim
a: Renounce Religion


You were on level 5 of the Dungeon.
You worshipped Fedhas.
Fedhas was noncommittal.
You were very hungry.

You visited 2 branches of the dungeon, and saw 6 of its levels.
You also visited: Sewer.

You collected 133 gold pieces.

Inventory:

Hand Weapons
 a - a +0 trident (weapon)
Missiles
 d - 3 throwing nets
 o - 16 tomahawks (quivered)
Armour
 c - a +1 helmet (worn)
 j - a +0 shield
 m - a +0 leather armour of poison resistance (worn)
Jewellery
 n - an amulet of regeneration (around neck)
Wands
 g - a wand of random effects (29/48)
 r - a wand of confusion (19/48)
Scrolls
 e - 2 scrolls of identify
 q - a scroll of remove curse
 u - a scroll of teleportation {unknown}
Potions
 b - a potion of cure mutation
Comestibles
 f - 3 bread rations
 h - 2 royal jellies
 l - a meat ration
 p - a beef jerky


   Skills:
 + Level 3.9 Fighting
 * Level 7.5 Polearms
 - Level 2.0 Throwing
 + Level 1.9 Armour
 + Level 5.7 Dodging


You had 5 spell levels left.
You didn't know any spells.

Dungeon Overview and Level Annotations

Branches:
Dungeon (5/15)             Temple (1/1) D:4

Altars:
Ashenzari
Cheibriados
Dithmenos
Elyvilon
Fedhas
Gozag
Hepliaklqana
Kikubaaqudgha
Makhleb
Nemelex Xobeh
Okawaru
Qazlal
Ru
Sif Muna
Trog
Uskayaw
Vehumet
Xom
Yredelemnul
Zin
The Shining One


Message History

The centaur barely misses you.
It was a potion of berserk rage.
You're too hungry to go berserk.
The centaur skeleton hits you but does no damage.
The centaur hits you!
* * * LOW HITPOINT WARNING * * *
You take 7 damage, and have 3/48 hp.
It was a potion of curing.
You feel better. The centaur skeleton misses you. The centaur misses you.
The centaur skeleton hits you.
* * * LOW HITPOINT WARNING * * *
The centaur hits you but does no damage.
You regained 5 hp, and now have 8/48 hp.
It was a potion of brilliance.
You feel clever all of a sudden. The centaur completely misses you.
The centaur skeleton closely misses you.
You hit the centaur.
The centaur is moderately wounded.
The centaur hits you!
You die...
Fedhas appreciates your contribution to the ecosystem.

.... .... .....
..... ......
......#
......c###
#.....Z@.########
.....#..(.......)
.........(######
...........###
....####.....##
.... #....(.# ...
#......# ..
##.....###
#####...##


You could see a centaur and a centaur skeleton.

Vanquished Creatures
  A golden eye (Sewer)
  A howler monkey (D:4)
  2 hounds
  An orc wizard (D:3)
  An iguana (D:4)
  An adder (D:2)
  A river rat (D:4)
  An adder zombie (D:3)
  3 adder skeletons
  3 worms
  A dart slug (D:2)
  4 orcs (D:3)
  9 bats
  6 giant cockroaches
  2 goblins
  4 hobgoblins
  5 jackals
  11 kobolds
  2 ball pythons
  6 giant newts
  7 rats
72 creatures vanquished.

Vanquished Creatures (others)
  14 toadstools
14 creatures vanquished.

Grand Total: 86 creatures vanquished

Notes
Turn   | Place    | Note
-------+----------+-------------------------------------------
     0 | D:1      | mistymad the Merfolk Gladiator began the quest for the Orb.
     0 | D:1      | Reached XP level 1. HP: 16/16 MP: 1/1
   444 | D:1      | Reached XP level 2. HP: 21/22 MP: 2/2
   738 | D:2      | Reached skill level 5 in Polearms
   775 | D:2      | Reached XP level 3. HP: 14/28 MP: 3/3
  1624 | D:3      | Reached XP level 4. HP: 32/34 MP: 4/4
  1683 | D:3      | Reached skill level 6 in Polearms
  1775 | D:3      | Reached skill level 1 in Armour
  1830 | D:3      | Reached skill level 5 in Dodging
  1830 | D:3      | Reached XP level 5. HP: 21/41 MP: 5/5
  2413 | D:4      | Found a staircase to the Ecumenical Temple.
  2427 | Temple   | Entered the Ecumenical Temple
  2507 | Temple   | Became a worshipper of Fedhas Madash
  2612 | D:4      | Found a glowing drain.
  2628 | Sewer    | Entered a sewer
  2776 | Sewer    | Noticed Purgy
  2785 | Sewer    | Noticed Purgy
  2785 | Sewer    | Purgy changed into Purgy the golden eye
  2882 | Sewer    | Killed Purgy the golden eye
  2882 | Sewer    | Reached skill level 7 in Polearms
  2882 | Sewer    | Reached XP level 6. HP: 48/48 MP: 6/6
  3526 | D:5      | Entered Level 5 of the Dungeon
  3552 | D:5      | Slain by a centaur

Vault maps used:
D:1:      minmay_arrival_stone_box
D:3:      serial_undead, serial_undead_f, serial_undead_b, serial_undead_b,
          serial_undead_f, first_bread, hangedman_abyss_or_decor_lesser_grid
D:4:      gup_sewer_entry_bubbles
D:5:      uniq_pikel
Temple:   nicolae_temple_the_god_donut
Sewer:    sewer_the_crocodile

Skill      XL: |  1  2  3  4  5 |
---------------+----------------+-----
Polearms       | 5 6 7 |  7.5
Armour         | 1 |  1.9
Fighting       | 3 |  3.9
Dodging        | 5 |  5.7
Throwing       | |  2.0

Action                   |  1- 3 |  4- 6 || total
-------------------------+-------+-------++-------
Melee: Trident           |   126 |   140 ||   266
       Tailslap          |       |     3 ||     3
Evoke: Wand              |       |     4 ||     4
  Use: Scroll            |       |     7 ||     7
       Potion            |       |     4 ||     4
 Stab: Sleeping          |     6 |     3 ||     9
  Eat: Chunk             |     1 |     6 ||     7
Armor: Leather armour    |    18 |    31 ||    49
Dodge: Dodged            |    80 |    74 ||   154
